 Dungeon Crawl Stone Soup version bcrawl-1.21.3-16-g7f46a08de7 (webtiles) character file.

Game seed: 589289002390612550

682 Chiseanne the Ducker (level 7, -1/35 HPs)
             Began as a Spriggan Fighter on May 4, 2020.
             Slain by a wight
             ... wielding a cursed +3 mace
              (11 damage)
             ... on level 6 of the Dungeon.
             The game lasted 00:10:17 (2950 turns).

Chiseanne the Ducker (Spriggan Fighter)             Turns: 2950, Time: 00:10:17

Health: -1/35      AC:  2    Str: 12    XL:     7   Next: 34%
Magic:  8/8        EV: 22    Int: 11    God:
Gold:   192        SH:  7    Dex: 16    Spells: 6/6 levels left

rFire    . . .     SeeInvis +   a - +4 short sword (speed)
rCold    . . .     Gourm    .   c - +0 buckler
rNeg     . . .     Faith    .   b - +0 robe
rPois    .         Spirit   .   (helmet restricted)
rElec    .         Reflect  .   (no cloak)
rCorr    .         Harm     .   (gloves unavailable)
MR       +....                  (boots unavailable)
Stlth    +++.......             (no amulet)
HPRegen  0.11/turn              (no ring)
MPRegen  0.11/turn              (no ring)

@: lightly drained, very quick
A: very small, unfitting armour, see invisible, herbivore, speed 3, slow
metabolism 2
a: no special abilities


You were on level 6 of the Dungeon.
You were not hungry.

You visited 2 branches of the dungeon, and saw 7 of its levels.

You collected 192 gold pieces.

Inventory:

Hand Weapons
 a - a +4 short sword of speed (weapon)
 r - a +3 dagger
 v - a +0 dagger of draining
Missiles
 k - 264 bolts
 n - 277 stones
 q - 141 sling bullets
 w - 142 tomahawks (quivered)
Armour
 b - a +0 robe (worn)
 c - a +0 buckler (worn)
Jewellery
 m - an uncursed amulet of faith
Wands
 t - a wand of digging (4)
Scrolls
 h - a scroll of remove curse
 i - a scroll of magic mapping
 u - a scroll of amnesia
Potions
 d - a potion of might
 f - 2 potions of resistance
 g - a potion of haste {unknown}
 j - 2 potions of agility
 l - a potion of berserk rage {unknown}
 o - 2 potions of curing
 p - a potion of brilliance
 s - a potion of flight
Comestibles
 e - 10 rations {!d}


   Skills:
 - Level 2.4(2.1) Fighting
 * Level 5.4(5.0) Short Blades
 * Level 7.2(6.9) Dodging
 * Level 6.1(5.7) Stealth
 * Level 3.7(3.3) Shields


You had 6 spell levels left.
You didn't know any spells.
Your spell library was empty.

Dungeon Overview and Level Annotations

Branches:
Dungeon (6/12)             Temple (1/1) D:4

Altars:
Ashenzari
Dithmenos
Elyvilon
Fedhas
Hepliaklqana
Lugonu
Makhleb
Sif Muna
Uskayaw
Wu Jian
Xom
Zin
The Shining One

Annotations:
D:4 4 transporters, yrara's ghost, novice DsFi


Innate Abilities, Weirdness & Mutations

You are very small and have problems with some larger weapons.
You are too small for most types of armour.
You have supernaturally acute eyesight. (SInv)
You are a herbivore.
You cover ground extremely quickly.
You need to consume almost no food.


Message History

The wight is severely damaged.
You completely miss the wight.
The wight is severely damaged.
The wight hits you with a cursed +3 mace!
* * * LOW HITPOINT WARNING * * *
You feel drained.
* * * LOW HITPOINT WARNING * * *
You hit the wight but do no damage.
The wight is severely damaged.
You hit the wight but do no damage.
The wight is severely damaged.
The wight closely misses you.
You hit the wight but do no damage.
The wight is severely damaged.
You hit the wight but do no damage.
The wight is severely damaged.
You hit the wight but do no damage.
The wight is severely damaged.
The wight hits you with a cursed +3 mace!
You die...

..............#
......#..###.##
.............# #........#####
# #...#.#### #####. #####.##
#.... #...# #..# #...#
#######..####. #...#
#....@z....##.#
#>..#####.#####..#.##.####
####.........##.#...........#
%............#.#............#
..............###...#.......#
...........n##.#.#.####.....#
####........# #.##.####..<..#
#.n.###### #.##......<####
#...###### #.##########


You could see a wight.

Vanquished Creatures
  A sky beast (D:6)
  2 ogres (D:6)
  A phantom (D:6)
  A big kobold (D:6)
  A crimson imp (D:4)
  A bullfrog zombie (D:5)
  3 worker ants
  A hound skeleton (D:6)
  4 gnolls (D:4)
  2 adders
  An ooze (D:3)
  3 dart slugs
  A leopard gecko (D:1)
  6 orcs
  3 ball pythons
  A giant cockroach (D:2)
  4 goblins (D:1)
  4 hobgoblins
  7 kobolds
  7 bats
  2 frilled lizards
  A jackal zombie (D:6)
  6 rats
63 creatures vanquished.

Notes
Turn   | Place    | Note
-------+----------+-------------------------------------------
     0 | D:1      | Chiseanne the Spriggan Fighter began the quest for the Orb.
     0 | D:1      | Reached XP level 1. HP: 11/11 MP: 2/2
   168 | D:1      | Reached skill level 1 in Stealth
   178 | D:1      | Reached XP level 2. HP: 16/16 MP: 3/3
   439 | D:2      | Reached skill level 5 in Dodging
   439 | D:2      | Reached XP level 3. HP: 19/19 MP: 4/4
   489 | D:2      | Found a hazy altar of Hepliaklqana.
   489 | D:2      | Found a corrupted altar of Lugonu.
  1060 | D:3      | Reached XP level 4. HP: 23/23 MP: 5/5
  1527 | D:4      | Found a shadowy altar of Dithmenos.
  1571 | D:4      | Reached XP level 5. HP: 11/27 MP: 6/6
  1789 | D:4      | Found a staircase to the Ecumenical Temple.
  1798 | Temple   | Entered the Ecumenical Temple
  2189 | D:4      | Noticed an ice beast
  2191 | D:4      | Found a transporter.
  2192 | D:4      | Found a transporter.
  2200 | D:4      | Noticed an eight-headed hydra
  2209 | D:4      | Found an ornate altar of the Wu Jian Council.
  2233 | D:4      | Found a transporter.
  2242 | D:4      | Noticed a troll
  2244 | D:4      | Noticed yrara's ghost (novice DsFi)
  2270 | D:4      | Found a transporter.
  2351 | D:5      | Entered Level 5 of the Dungeon
  2395 | D:5      | Reached skill level 6 in Dodging
  2496 | D:6      | Noticed a sky beast
  2503 | D:6      | Killed a sky beast
  2503 | D:6      | Reached XP level 6. HP: 22/32 MP: 7/7
  2712 | D:6      | Reached skill level 5 in Stealth
  2734 | D:6      | Reached skill level 5 in Short Blades
  2793 | D:6      | Reached XP level 7. HP: 35/35 MP: 8/8
  2838 | D:6      | Reached skill level 7 in Dodging
  2950 | D:6      | Slain by a wight

Skill      XL: |  1  2  3  4  5  6  7 |
---------------+----------------------+-----
Stealth        | 1 2 3 4 5 6 |  6.1
Short Blades   | 3 4 5 |  5.4
Dodging        | 5 6 7 |  7.2
Shields        | 3 |  3.7
Fighting       | |  2.4

Action                   |  1- 3 |  4- 6 |  7- 9 || total
-------------------------+-------+-------+-------++-------
Melee: Rapier            |    90 |       |       ||    90
       Short sword       |    11 |   153 |    45 ||   209
Throw: Stone             |       |     3 |       ||     3
       Tomahawk          |       |     9 |     5 ||    14
  Use: Scroll            |       |    11 |     1 ||    12
 Stab: Sleeping          |     2 |     5 |       ||     7
Armor: Robe              |     8 |       |       ||     8
Dodge: Dodged            |    67 |    62 |    15 ||   144
Block: Buckler           |    23 |    22 |     8 ||    53
